 Dungeon Crawl Stone Soup version 0.30-a0-883-g5ad918d77d (webtiles) character file.

Game seed: 11526718327986448636

566214 bakla the Malleable (level 26, -18/193 HPs)
             Began as an Octopode Warper on Mar 15, 2023.
             Was a High Priest of Wu Jian.
             Demolished by a quicksilver dragon (19 damage)
             ... on level 3 of the Realm of Zot on Mar 16, 2023.
             The game lasted 06:29:12 (78493 turns).

bakla the Malleable (Octopode Warper)              Turns: 78493, Time: 06:29:12

Health: -18/193    AC:  7    Str: 13    XL:     26   Next: 81%
Magic:  33/42      EV: 31    Int: 34    God:    Wu Jian [*****.]
Gold:   4846       SH: 31    Dex: 17    Spells: 3/45 levels left

rFire   + + .      SeeInvis +    w - +11 Singing Sword {sonic wave}
rCold   + + .      Faith    .    J - +18 shield of the Gong {Loud rN+ Will+ rCorr EV-5}
rNeg    + . .      Spirit   .    S - +2 hat
rPois   .          Reflect  .    Z - amulet of regeneration
rElec   .          Rampage  .    j - +6 ring of intelligence
rCorr   +          Clarity  +    o - ring "Vefisa" {rF+ AC+4}
Will    ++++.                    x - ring of willpower
Stlth   ++++                     C - ring "Oloxeiq" {rF+ MP+9 Slay+5 SInv}
HPRegen 1.32/turn                r - ring "Himpuuxt" {Contam rF+ rC++ EV+5 Int+3}
MPRegen 0.28/turn                T - +6 ring of intelligence
                                 D - ring of willpower
                                 W - +6 ring of intelligence

@: exhausted, in a heavenly storm, slowed, glowing, studying 2 skills, very slow
A: almost no armour, amphibious, 8 rings, camouflage 1, gelatinous body 1,
(nimble swimmer 1), tentacles, clarity, clumsy 1, dopey 2, low MP 1, heat
vulnerability 1, subdued magic 1, inability to drink after injury 1
}: 3/15 runes: decaying, silver, gossamer
a: Renounce Religion, Wall Jump, Serpent's Lash, Heavenly Storm


You were on level 3 of the Realm of Zot.
You worshipped Wu Jian.
Wu Jian was extremely pleased with you.
You visited 11 branches of the dungeon, and saw 49 of its levels.
You visited the Abyss 1 time.
You also visited: Ossuary, Bailey, Ice Cave, Wizlab and Desolation.

You collected 9542 gold pieces.
You spent 4696 gold pieces at shops.

Inventory:

Hand Weapons
 n - the +8 autumn katana {manifold assault}
   (You found it on level 3 of the Elven Halls)

   Manifold Assault: It sometimes launches melee attacks against multiple
   visible enemies.
 w - the +11 Singing Sword (weapon) {sonic wave}
   (You bought it in a shop on level 2 of the Elven Halls)
 K - a +9 dagger of protection
Missiles
 N - 2 throwing nets
Armour
 J - the +18 shield of the Gong (worn) {Loud rN+ Will+ rCorr EV-5}
   (You found it in the Desolation of Salt)

   Loud:      It is deafeningly noisy when blocking attacks.
   EV:        It affects your evasion (-5).
   rN:        It protects you from negative energy.
   rCorr:     It protects you from acid and corrosion.
   Will:      It increases your willpower.
 S - a +2 hat (worn)
Jewellery
 j - a +6 ring of intelligence (left tentacle)
 k - the ring "Lymecic" {rF+ rC+ rN+ Dex+2}
   (You found it on level 3 of the Crypt)

   [ring of positive energy]

   Dex:       It affects your dexterity (+2).
   rF:        It protects you from fire.
   rC:        It protects you from cold.
   rN:        It protects you from negative energy.
 o - the ring "Vefisa" (right tentacle) {rF+ AC+4}
   (You acquired it on level 1 of the Elven Halls)

   [ring of protection]

   AC:        It affects your AC (+4).
   rF:        It protects you from fire.
 q - the ring of Foapsegi {Wiz rN+ Int+3}
   (You took it off a tengu conjurer on level 1 of the Depths)

   [ring of wizardry]

   It improves your spell success rate.
   Int:       It affects your intelligence (+3).
   rN:        It protects you from negative energy.
 r - the ring "Himpuuxt" (on tentacle) {Contam rF+ rC++ EV+5 Int+3}
   (You took it off an ironbound preserver on level 1 of the Vaults)

   [ring of evasion]

   EV:        It affects your evasion (+5).
   Int:       It affects your intelligence (+3).
   rF:        It protects you from fire.
   rC:        It greatly protects you from cold.
   Contam:    It causes magical contamination when unequipped.
 x - a ring of willpower (on tentacle)
 C - the ring "Oloxeiq" (on tentacle) {rF+ MP+9 Slay+5 SInv}
   (You found it in the Desolation of Salt)

   [ring of see invisible]

   Slay:      It affects your accuracy & damage with ranged weapons and melee
   (+5).
   rF:        It protects you from fire.
   MP:        It affects your magic capacity (+9).
   SInv:      It lets you see invisible.
 D - a ring of willpower (on tentacle)
 I - a +6 ring of intelligence
 T - a +6 ring of intelligence (on tentacle)
 V - the amulet of Ganaraza {Faith Int+6}
   (You found it on level 3 of the Crypt)

   [amulet of faith]

   It allows you to gain divine favour quickly.
   Int:       It affects your intelligence (+6).
 W - a +6 ring of intelligence (on tentacle)
 Z - an amulet of regeneration (around mantle)
Wands
 d - a wand of digging (8)
 A - a wand of roots (33)
 Q - a wand of quicksilver (12)
Scrolls
 a - 5 scrolls of noise
 g - 3 scrolls of poison
 l - 30 scrolls of teleportation
 m - 3 scrolls of fear
 p - a scroll of summoning
 s - 7 scrolls of immolation
 t - 3 scrolls of blinking
 y - 8 scrolls of amnesia
 E - 3 scrolls of magic mapping
 H - 3 scrolls of fog
 L - 7 scrolls of enchant armour
 Y - a scroll of silence
Potions
 b - 6 potions of heal wounds
 e - 11 potions of brilliance
 f - 12 potions of mutation
 h - 4 potions of magic
 i - 5 potions of resistance
 u - 21 potions of curing
 v - 6 potions of might
 z - 8 potions of invisibility
 G - 4 potions of cancellation
 M - 9 potions of flight
 O - 4 potions of berserk rage
 P - 10 potions of lignification
 R - 4 potions of haste
 X - 5 potions of ambrosia
Miscellaneous
 c - a condenser vane
 B - a phial of floods
 F - a phantom mirror
 U - a lightning rod (4/4)


   Skills:
 + Level 19.2 Fighting
 - Level 10.3(13.8) Short Blades
 - Level 14.7(16.0) Long Blades
 - Level 1.0 Throwing
 + Level 19.2 Dodging
 - Level 20.0 Stealth
 - Level 14.0 Shields
 - Level 10.0 Spellcasting
 - Level 2.0 Hexes
 - Level 14.0 Summonings
 - Level 3.0 Translocations
 + Level 22.1 Transmutations
 - Level 13.0 Earth Magic


You had 3 spell levels left.
You knew the following spells:

 Your Spells              Type           Power      Damage    Failure   Level
a - Blink                 Tloc           56%        N/A       1%          2
b - Summon Lightning Spi  Summ/Air       49%        N/A       1%          4
c - Wereblood             Tmut           92%        N/A       0%          2
d - Summon Forest         Summ/Tloc      27%        N/A       3%          5
e - Summon Cactus Giant   Summ           36%        N/A       1%          6
f - Statue Form           Tmut/Erth      54%        N/A       1%          6
g - Summon Mana Viper     Hex/Summ       53%        N/A       3%          5
h - Yara's Violent Unrav  Hex/Tmut       33%        3d14      1%          5
i - Lee's Rapid Deconstr  Erth           34%        3d17*     1%          5
j - Passwall              Tmut/Erth      67%        N/A       0%          2

Your spell library contained the following spells:

 Spells                   Type           Power      Damage    Failure   Level
 Sandblast                Erth           100%       2d20      0%          1
 Apportation              Tloc           56%        N/A       1%          1
 Slow                     Hex            92%        N/A       1%          1
 Sting                    Tmut/Pois      100%       1d8       1%          1
 Lesser Beckoning         Tloc           56%        N/A       1%          2
 Ignite Poison            Fire/Tmut/Pois 51%        N/A       1%          3
 Stone Arrow              Conj/Erth      94%        3d12      1%          3
 Foxfire                  Conj/Fire      52%        2x1d6     3%          1
 Kiss of Death            Conj/Necr      52%        2d9       3%          1
 Shock                    Conj/Air       52%        1d6       3%          1
 Ensorcelled Hibernation  Hex/Ice        36%        N/A       3%          2
 Momentum Strike          Conj/Tloc      40%        3d9       3%          2
 Gell's Gravitas          Tloc           28%        N/A       3%          3
 Teleport Other           Tloc           28%        N/A       3%          3
 Confusing Touch          Hex            23%        N/A       4%          3
 Portal Projectile        Hex/Tloc       52%        N/A       4%          3
 Tukima's Dance           Hex            23%        N/A       4%          3
 Cigotuvi's Dreadful Rot  Necr/Pois/Air  26%        N/A       6%          2
 Static Discharge         Conj/Air       26%        2-4/arc   6%          2
 Sublimation of Blood     Necr           13%        N/A       6%          2
 Vhi's Electric Charge    Tloc/Air       40%        N/A       6%          3
 Dazzling Flash           Conj/Hex       36%        N/A       8%          3
 Inner Flame              Hex/Fire       18%        N/A       8%          3
 Frozen Ramparts          Ice            26%        1d4       12%         3
 Hailstorm                Conj/Ice       13%        3d5       12%         3
 Mephitic Cloud           Conj/Pois/Air  13%        N/A       12%         3
 Ozocubu's Armour         Ice            13%        N/A       12%         3
 Swiftness                Air            13%        N/A       12%         3
 Vampiric Draining        Necr           13%        2d6       12%         3
 Blade Hands              Tmut           46%        N/A       0%          5
 Ice Form                 Ice/Tmut       63%        N/A       1%          4
 Leda's Liquefaction      Hex/Erth       25%        N/A       1%          4
 Summon Ice Beast         Ice/Summ       49%        N/A       1%          4
 Alistair's Intoxication  Tmut/Pois      42%        N/A       1%          5
 Eringya's Noxious Bog    Tmut/Pois      31%        N/A       6%          6
 Monstrous Menagerie      Summ           36%        N/A       11%         7
 Summon Hydra             Summ           36%        N/A       11%         7
 Manifold Assault         Tloc           28%        N/A       12%         4
 Passage of Golubria      Tloc           28%        N/A       12%         4
 Cause Fear               Hex            11%        N/A       19%         4
 Anguish                  Hex/Necr       9%         N/A       28%         4
 Storm Form               Tmut/Air       31%        N/A       36%         7
 Airstrike                Air            6%         2d(1-17)  38%         4
 Dispel Undead            Necr           13%        3d9       38%         4
 Olgreb's Toxic Radiance  Pois           13%        N/A       38%         4
 Iron Shot                Conj/Erth      23%        9d5       41%         6
 Metabolic Englaciation   Hex/Ice        9%         N/A       61%         5
 Silence                  Hex/Air        9%         N/A       61%         5
 Summon Horrible Things   Summ           36%        N/A       67%         8
 Agony                    Necr           13%        N/A       77%         5
 Arcjolt                  Conj/Air       6%         1d16      77%         5
 Fireball                 Conj/Fire      6%         3d5       77%         5
 Freezing Cloud           Conj/Ice/Air   6%         6-21      77%         5
 Iskenderun's Battlesphe  Conj           13%        2d7       77%         5
 Lightning Bolt           Conj/Air       6%         1d18      77%         5
 Dispersal                Tloc           14%        N/A       89%         6
 Spellforged Servitor     Conj/Summ      24%        N/A       91%         7
 Death Channel            Necr           6%         N/A       100%        6
 Simulacrum               Ice/Necr       6%         N/A       100%        6
 Starburst                Conj/Fire      6%         6d4       100%        6
 Enfeeble                 Hex            11%        N/A       100%        7
 Ozocubu's Refrigeration  Ice            6%         4d8       100%        7
 Discord                  Hex            11%        N/A       100%        8
 Ignition                 Fire           6%         3d4       100%        8
 Maxwell's Capacitive Co  Air            6%         ∞         100%        8
 Dragon's Call            Summ           36%        N/A       100%        9
 Polar Vortex             Ice            6%         N/A       100%        9


Dungeon Overview and Level Annotations

Branches:
Dungeon (15/15)            Temple (1/1) D:4            Lair (5/5) D:10
  Swamp (4/4) Lair:3       Spider (4/4) Lair:2        Slime (0/5) Lair:5
    Orc (2/2) D:12            Elf (3/3) Orc:2        Vaults (5/5) D:13
  Crypt (3/3) Vaults:2       Tomb (0/3) Crypt:3      Depths (4/4) D:15
    Zot (3/5) Depths:4    Ossuary (visited)          Bailey (visited)
  IceCv (visited)          WizLab (visited)         Desolation (visited)

Altars:
Cheibriados
Dithmenos
Elyvilon
Fedhas
Makhleb
Nemelex Xobeh
Okawaru
Qazlal
Sif Muna
Trog
Uskayaw
Vehumet
Wu Jian
Xom
Yredelemnul
Zin
The Shining One
Jiyva
Lugonu

Shops:
D:5 (   D:10 ?   D:13 (   Orc:2 *[:?   Elf:2 (::(=   Elf:3 (*(:?   Vaults:4 (
Depths:1 [*

Portals:
Hell: Depths:1 Depths:2 Depths:3 Depths:4
Abyss: Spider:2 Depths:3
Pandemonium: Depths:2
Ziggurat: Depths:1
Trove: Depths:4 (give +6 demon whip)

Annotations:
D:2 1 runed translucent door, Crazy Yiuf
D:3 Sigmund
D:9 exclusion: hornet
D:13 exclusion: 2 deep elf zephyrmancers
Lair:3 exclusions: blink frog and hydra
Spider:1 1 runed translucent door, cforsyth's ghost, adept OgFE
Spider:2 Roxanne
Orc:2 1 runed translucent door, Palms's ghost, journeyman SpVM
Elf:2 5 runed translucent doors
Vaults:3 3 runed translucent doors, Leriaza's ghost, veteran DsVM; Yptir's ghost, adept AtFE
Depths:3 2 runed translucent doors


Innate Abilities, Weirdness & Mutations

You cannot wear most types of armour.
You are amphibious.
You can wear up to eight rings at the same time.
Your skin changes colour to match your surroundings (Stealth+).
Your rubbery body absorbs attacks. (AC +1, EV +1)
((You are camouflaged when in or above water. (Stealth+)))
You have tentacles for arms and can constrict up to eight enemies at once.
You possess an exceptional clarity of mind.
You are clumsy. (Dex -2)
You are very dopey. (Int -4)
Your magical capacity is low. (-10% MP)
You are vulnerable to heat. (rF-)
Your spells are a little easier to cast, but a little less powerful.
You occasionally lose the ability to drink potions when taking damage.


Message History

You slash the green draconian!
The Singing Sword shrieks, "DON'T YOU DARE DIE ON ME NOW, BAKLA!"
You send a blast of sound all around you.
The green draconian monk is severely wounded.
The red draconian is lightly wounded.
The quicksilver dragon is lightly wounded.
The purple draconian is lightly wounded.
The green draconian is severely wounded.
The yellow draconian annihilator is severely wounded.
You grab the green draconian.
You squeeze the green draconian, but do no damage.
The green draconian is severely wounded.
You slice the green draconian!!
The Singing Sword tootles away.
You send a blast of sound all around you.
The green draconian monk is almost dead.
The red draconian is moderately wounded.
The quicksilver dragon is moderately wounded.
The purple draconian is heavily wounded.
You kill the green draconian!
The Council accepts your kill.
The yellow draconian annihilator is almost dead.
You block the quicksilver dragon's attack.
SHROANNG!
You block the quicksilver dragon's attack.
GONNNNG!
The purple draconian hits you with a +0 short sword!
* * * LOW HITPOINT WARNING * * *
The purple draconian hits you from afar with a +0 halberd!!
* * * LOW HITPOINT WARNING * * *
The green draconian monk hits you!!
* * * LOW HITPOINT WARNING * * *
You block the green draconian monk's attack.
GONNNNG!
The green draconian monk tail-slaps you.
* * * LOW HITPOINT WARNING * * *
The green draconian monk tail-slaps you.
* * * LOW HITPOINT WARNING * * *
The quicksilver dragon bites you!!
You die...

*,,*,,,*,,,,,,*..#...,,,,,,,,
*,,,,,**,,,***#.....#,,,,,,,,
*,,,,,*,,***##.......,,,,,,,,
**,*,,,*,**
##........,,,,,,,, *,***,,,**
#.........,,,,,,*, *,* *,,,*
##......q..,,***,,, ***
*#,,**##§q§#,,*,.:,***,,,,
#.,,*#§§D##,,*.q.,,,,,,,*
##..,##dd@#*,,....,,,,,,**
#....#☼§qX#*,#.d.,,,,,,,**
*,#.[○○dd☼#*...#,,,,,,,,,*
*,##.○☼§○○##..#*,,,,,,,*,,
*,*#.☼#○○○....#...**,,,,,*
*,#.dd#...........*^,*,,,,
*,#...#X.##..>.)..,,,,*,,*
*,#...#.##*#......,,,,,,,,
*,#..##.# *......,,,****,


You could see a tentacled monstrosity, a green draconian monk (catching breath),
a black draconian, 2 draconians, a red draconian, a quicksilver dragon and a
yellow draconian annihilator.

Vanquished Creatures
  2 orbs of fire (Zot:2)
  4 ancient liches
  2 dread liches (Vaults:5)
  2 juggernauts (Depths:4)
  Josephina (Zot:2)
  Sojobo (Crypt:3)
  Boris (twice) (Crypt:2 Depths:1)
  Vv (Crypt:3)
  2 curse toes
  Frederick (Depths:3)
  A Killer Klown (Zot:2)
  the Lernaean hydra (Swamp:4)
  Saint Roka (Crypt:1)
  Margery (Crypt:1)
  4 golden dragons
  Arachne (Spider:3)
  Jory (Depths:4)
  A bone dragon (Crypt:2)
  2 electric golems
  13 tentacled monstrosities
  Mlioglotl (Swamp:1)
  Jorgrun (Orc:2)
  Zenata (Vaults:1)
  A titan (Vaults:5)
  2 walking divine tomes
  A quicksilver dragon (shapeshifter) (Vaults:5)
  2 liches
  4 quicksilver dragons
  A deep elf blademaster (Elf:3)
  2 deep elf master archers (Elf:3)
  8 death cobs
  10 sphinxes
  7 ancient champions
  9 shadow dragons
  7 tengu reavers
  Frances (Swamp:1)
  Donald (Swamp:4)
  8 storm dragons
  4 revenants
  A draconian monk (Zot:2)
  3 draconian scorchers
  2 deep elf sorcerers (Elf:3)
  A draconian knight (Zot:2)
  3 imperial myrmidons (Desolation)
  6 fire giants
  2 ghost moths (Zot:2)
  8 frost giants
  4 orc warlords
  18 vault wardens
  9 emperor scorpions
  Aizul (Spider:2)
  2 angels (Vaults:4)
  A draconian stormcaller (Zot:1)
  A draconian shifter (Zot:2)
  5 curse skulls
  A broodmother (Spider:1)
  7 ghouls (Crypt:2)
  A deep elf elementalist (Elf:3)
  2 reapers
  11 very ugly things
  3 ironbound thunderhulks
  4 draconian annihilators (Zot:1)
  17 ironbound preservers
  A spriggan defender (Depths:2)
  4 war gargoyles
  20 stone giants
  6 black draconians
  3 deep elf demonologists
  4 green draconians
  4 vampire knights
  A halazid warlock (Desolation)
  12 deep elf annihilators
  6 white draconians
  6 yellow draconians
  4 red draconians
  7 dire elephants
  10 purple draconians
  4 spark wasps
  2 deep elf death magi
  4 crystal guardians
  6 statues (Depths:1)
  5 jiangshi
  3 eidola
  6 ettins
  A merfolk javelineer (Depths:1)
  12 yaktaur captains
  8 fire dragons
  4 deep elf high priests
  4 ragged hierophants (Desolation)
  4 salamander tyrants
  11 ice dragons
  A spriggan zombie (Crypt:1)
  4 hydras
  5 great orbs of eyes
  45 vault guards
  11 peacekeepers
  5 rakshasas
  5 spriggan air magi
  An Orb Guardian zombie (Crypt:1)
  3 catoblepae
  3 entropy weavers
  A hell beast (Depths:2)
  A ghost crab (Swamp:1)
  8 ironbound frosthearts
  3 death knights
  21 centaur warriors
  Erica (Lair:1)
  5 two-headed ogres
  7 servants of whispers (Desolation)
  6 boulder beetles
  14 dancing weapons
  An ogre mage (D:13)
  6 deep troll earth magi
  7 deep troll shamans
  A merfolk avatar (Lair:5)
  An alligator (Swamp:1)
  3 hell hogs (Depths:2)
  11 vampire magi
  2 tengu warriors (Depths:4)
  Sonja (Lair:1)
  2 spriggans
  3 soul eaters
  A thrashing horror (Abyss:2)
  A spriggan berserker (Depths:3)
  5 hell knights (Crypt:1)
  18 skeletal warriors
  3 shadow wraiths (Crypt:3)
  11 deep elf knights
  4 skysharks
  61 deep trolls
  A sun moth (Spider:4)
  2 anaconda zombies
  4 iron trolls
  3 glowing orange brains
  2 spriggan druids (Depths:2)
  3 swamp dragons (Swamp:4)
  2 goliath frogs (Swamp:1)
  A pharaoh ant (Spider:4)
  3 orb spiders
  11 wizards
  A salamander mystic (Depths:4)
  An orb spider (shapeshifter) (Vaults:5)
  11 deep elf archers
  A quicksilver dragon simulacrum (Zot:2)
  18 ironbound convokers
  4 bog bodies
  3 flayed ghosts
  7 lindwurms
  4 steelbarb worms
  28 ugly things
  2 large abominations (Abyss:2)
  12 phantasmal warriors
  16 deep elf zephyrmancers
  3 orc sorcerers
  5 orc knights
  3 harpies
  25 deep elf pyromancers
  A salamander (Depths:4)
  12 wolf spiders
  2 necromancers
  A goliath frog zombie (Crypt:2)
  A will-o-the-wisp (Swamp:2)
  3 manticores
  11 moths of wrath
  10 elephants
  A goliath frog skeleton (Crypt:2)
  2 cyclopes
  Maurice (D:12)
  5 black mambas
  A naga zombie (Crypt:2)
  2 demonic crawlers (Spider:1)
  2 molten gargoyles (Desolation)
  15 nameless horrors
  4 gargoyles
  A guardian serpent (shapeshifter) (Vaults:5)
  An iron dragon skeleton (Crypt:1)
  2 torpor snails
  A shock serpent skeleton (Crypt:3)
  23 vault sentinels
  4 orange demons
  A storm dragon simulacrum (Zot:2)
  12 cane toads
  An unseen horror (shapeshifter) (Elf:3)
  A centaur skeleton (D:15)
  2 kobold demonologists
  3 rime drakes
  4 unseen horrors
  A komodo dragon (shapeshifter) (Vaults:5)
  31 yaktaurs
  6 freezing wraiths
  6 komodo dragons
  5 tengu conjurers (Depths:1)
  A white draconian skeleton (Crypt:3)
  A catoblepas skeleton (Crypt:3)
  A harpy zombie (Crypt:1)
  A wind drake (shapeshifter) (Vaults:4)
  A guardian mummy (Crypt:3)
  A meliai (D:10)
  6 trolls
  4 hornets
  6 polar bears
  A hornet (shapeshifter) (Vaults:5)
  2 bloated husks
  A tyrant leech (Swamp:1)
  39 saltlings (Desolation)
  A wind drake (Lair:5)
  A harpy skeleton (Crypt:3)
  13 tarantellas
  22 blink frogs
  13 dream sheep
  A guardian serpent zombie (Crypt:2)
  A fire dragon zombie (Crypt:1)
  A snapping turtle (Lair:5)
  An ettin zombie (Crypt:2)
  13 jumping spiders
  An iron dragon simulacrum (Crypt:1)
  A flying skull (Crypt:3)
  23 slime creatures
  14 culicivoras
  2 shadows
  5 water elementals
  12 wraiths
  2 black mamba skeletons
  15 yaks
  7 wyverns
  A fire elemental (Elf:2)
  6 basilisks
  A vampire mosquito (D:13)
  2 steam dragons
  A black draconian simulacrum (Zot:2)
  24 redbacks
  3 wargs (Orc:2)
  7 swamp worms
  An entropy weaver zombie (Crypt:3)
  An acid dragon (D:11)
  A demonspawn skeleton (Crypt:3)
  A hell hound (Spider:3)
  19 orc warriors
  A swamp drake (Swamp:2)
  2 moth of wrath simulacra (Zot:2)
  11 water moccasins
  4 ice beasts
  A sky beast (D:7)
  A black bear (D:10)
  A fire dragon simulacrum (Crypt:1)
  5 ogres
  13 centaurs
  17 wolves
  A swamp dragon skeleton (Crypt:3)
  A dream sheep skeleton (Crypt:2)
  A small abomination (Abyss:2)
  4 phantoms
  A fire crab zombie (Crypt:1)
  9 bullfrogs
  2 kobold brigands (D:13)
  A rime drake skeleton (Crypt:3)
  5 earth elementals
  8 gnoll sergeants (Bailey)
  8 scorpions
  2 necrophages (Crypt:2)
  A wyvern skeleton (Crypt:2)
  A cyclops skeleton (Crypt:3)
  20 wights
  A queen bee zombie (Crypt:1)
  6 killer bees
  A troll zombie (Crypt:3)
  5 howler monkeys
  8 hounds
  2 human zombies (Ossuary)
  2 centaur zombies
  6 jellies
  8 orc priests
  An iguana (D:5)
  A black bear skeleton (Crypt:1)
  10 gnoll boudas
  Ijyb (D:5)
  A boggart zombie (Crypt:2)
  6 hell rats
  15 orc wizards
  2 boggart skeletons
  13 mummies
  Robin (D:2)
  27 gnolls
  8 adders
  3 shadow imps
  6 white imps
  3 ufetubi
  3 worms
  7 dart slugs
  57 orcs
  8 ball pythons
  6 bats
  6 endoplasms
  4 giant cockroaches
  16 goblins
  10 hobgoblins
  12 jackals
  8 kobolds
  5 quokkas
  3 frilled lizards
  A frilled lizard skeleton (Crypt:1)
  A frilled lizard zombie (Crypt:2)
  A goblin zombie (Ossuary)
  11 hobgoblin zombies (Ossuary)
  3 jackal zombies
  7 kobold zombies (Ossuary)
  11 orc zombies (Ossuary)
  5 rats
  2 rat zombies (Ossuary)
  A butterfly (Lair:1)
  A snaplasher vine (Orc:2)
1766 creatures vanquished.

Vanquished Creatures (collateral kills)
  Bai Suzhen (Swamp:3)
  5 liches
  A tentacled starspawn (Abyss:2)
  A thorn hunter (Swamp:1)
  A tengu reaver (Crypt:3)
  A fenstrider witch (Swamp:3)
  A fire giant (Vaults:1)
  4 deep elf sorcerers (Elf:3)
  6 emperor scorpions (Spider:4)
  Louise (Spider:3)
  2 ghost moths (Spider:4)
  A vault warden (Vaults:3)
  A frost giant (Depths:3)
  2 ironbound preservers
  2 eleionomae
  2 dire elephants (Vaults:1)
  2 deep elf annihilators (Elf:3)
  A deep elf demonologist (Elf:3)
  Azrael (Spider:3)
  2 bunyips
  3 deep elf death magi
  A shambling mangrove (Swamp:4)
  A yaktaur captain (Vaults:2)
  3 deep elf high priests
  A peacekeeper (Vaults:3)
  15 hydras
  A spriggan air mage (Depths:1)
  An ogre mage (D:13)
  4 centaur warriors
  A ghost crab (Swamp:4)
  2 radroaches
  3 death knights
  4 boulder beetles
  6 dancing weapons
  2 jorogumos
  7 alligators
  A two-headed ogre (D:14)
  3 orc high priests (Orc:2)
  A thrashing horror (Abyss:2)
  6 spriggans
  5 deep elf knights
  2 sun demons (D:14)
  5 goliath frogs
  A pharaoh ant (Spider:1)
  2 skeletal warriors
  2 deep trolls
  2 spriggan druids (Swamp:2)
  8 swamp dragons
  A wizard (D:15)
  7 bog bodies
  4 orb spiders
  4 deep elf archers
  6 steelbarb worms
  3 ironbound convokers
  5 orc sorcerers
  A lindwurm (Vaults:1)
  A necromancer (D:15)
  3 wolf spiders (Spider:4)
  5 orc knights
  10 deep elf pyromancers
  A manticore (Elf:1)
  4 cyclopes
  8 deep elf zephyrmancers
  4 will-o-the-wisps
  5 ugly things
  3 torpor snails
  A moth of wrath (Spider:1)
  An apocalypse crab (Abyss:2)
  A vault sentinel (Vaults:3)
  3 smoke demons (D:14)
  A rust devil (D:14)
  A demonic crawler (Spider:4)
  A naga skeleton (Abyss:2)
  2 efreet (D:14)
  A cane toad (shapeshifter) (D:15)
  6 yaktaurs
  A centaur skeleton (D:15)
  An orange demon (D:14)
  An ancient zyme (Abyss:2)
  An unseen horror (D:13)
  2 freezing wraiths
  A bloated husk (Swamp:3)
  2 trolls
  13 tarantellas
  9 tyrant leeches
  8 hornets
  15 jumping spiders
  A slime creature (shapeshifter) (D:13)
  7 slime creatures (Vaults:1)
  An air elemental (Elf:3)
  A shadow (D:13)
  A wraith (D:13)
  6 culicivoras
  2 fire elementals
  A hog (shapeshifter) (D:15)
  A chaos spawn (D:14)
  3 basilisks
  21 redbacks
  6 vampire mosquitoes
  2 wargs
  An acid dragon (D:14)
  10 swamp worms
  2 hell hounds (Spider:3)
  8 swamp drakes
  11 orc warriors
  6 ogres
  4 centaurs (D:14)
  An earth elemental (Elf:1)
  3 nameless horrors
  8 orc priests
  A boggart zombie (D:15)
  11 orc wizards
  2 boggart simulacra
  A mummy (Crypt:3)
  22 orcs
  5 briar patches (Swamp:1)
  A lurking horror (Spider:2)
  A starspawn tentacle (Abyss:2)
429 creatures vanquished.

Vanquished Creatures (others)
  A tentacled monstrosity (Depths:4)
  A deep elf elementalist (Elf:3)
  A green draconian (Zot:1)
  A red draconian (Zot:3)
  A purple draconian (Depths:4)
  A salamander tyrant (Depths:1)
  An alligator (Swamp:3)
  A deep elf pyromancer (Elf:1)
  A salamander (Depths:4)
  An ugly thing (Depths:1)
  A vault sentinel (Vaults:3)
  An unseen horror (shapeshifter) (Elf:1)
  2 bloated husks
  A swamp drake (Swamp:4)
  An orc priest (D:12)
  An orc (Orc:1)
  3 bushes (Depths:2)
  6 demonic plants (D:14)
  18 foxfires
  83 fungi
  134 plants
  26 snaplasher vines
  2 starspawn tentacles (Abyss:2)
289 creatures vanquished.

Grand Total: 2484 creatures vanquished

Notes
Turn   | Place    | Note
-------+----------+-------------------------------------------
     0 | D:1      | bakla the Octopode Warper began the quest for the Orb.
     0 | D:1      | Reached XP level 1. HP: 14/14 MP: 3/3
   104 | D:1      | Reached XP level 2. HP: 13/19 MP: 5/5
   166 | D:1      | Reached skill level 1 in Stealth
   178 | D:1      | Found a faded altar of an unknown god.
   793 | D:1      | Reached XP level 3. HP: 17/25 MP: 6/6
  1539 | D:2      | Reached XP level 4. HP: 30/30 MP: 7/7
  2075 | D:2      | Noticed Robin
  2275 | D:2      | Killed Robin
  2515 | D:2      | Found a runed translucent door.
  2516 | D:2      | Noticed Crazy Yiuf
  2995 | D:3      | Reached XP level 5. HP: 29/36 MP: 8/8
  3055 | D:3      | Learned a level 2 spell: Blink
  3141 | D:3      | Noticed Sigmund
  3596 | D:3      | Learned a level 2 spell: Lesser Beckoning
  4397 | D:4      | Found a shadowy altar of Dithmenos.
  4807 | D:4      | Reached XP level 6. HP: 22/42 MP: 9/9
  5066 | D:4      | Found a staircase to the Ecumenical Temple.
  5488 | D:4      | Reached XP level 7. HP: 35/48 MP: 10/10
  5599 | D:4      | Reached skill level 5 in Stealth
  5821 | Temple   | Entered the Ecumenical Temple
  5826 | Temple   | Became a worshipper of the Wu Jian Council
  6074 | D:5      | Entered Level 5 of the Dungeon
  6370 | D:5      | Noticed Ijyb
  6526 | D:5      | Found a stormy altar of Qazlal.
  6527 | D:5      | Reached skill level 5 in Short Blades
  6541 | D:5      | Reached skill level 5 in Fighting
  6553 | D:5      | Reached XP level 8. HP: 36/55 MP: 11/11
  6627 | D:5      | Found a blossoming altar of Fedhas.
  6643 | D:5      | Found Hodaanla's Antique Weapon Shop.
  6657 | D:5      | Bought a runed short sword for 132 gold pieces
  6772 | D:5      | Noticed a yak
  7121 | D:6      | Found a snail-covered altar of Cheibriados.
  7308 | D:5      | Killed Ijyb
  7441 | D:6      | Reached * piety under Wu Jian
  7723 | D:6      | You fall into a shaft and drop 2 floors!
  7731 | D:8      | Found a shimmering blue altar of Sif Muna.
  7936 | D:8      | Reached XP level 9. HP: 63/63 MP: 12/12
  7972 | D:8      | Found a glowing golden altar of the Shining One.
  8174 | D:8      | Found a flagged portal.
  8183 | Bailey   | Entered a bailey
  9006 | Bailey   | Reached ** piety under Wu Jian
  9115 | Bailey   | Reached skill level 10 in Stealth
 10490 | D:7      | Reached XP level 10. HP: 67/72 MP: 13/13
 10798 | D:7      | Noticed a gargoyle
 10883 | D:7      | Killed a gargoyle
 10937 | D:7      | Found a sand-covered staircase.
 10944 | Ossuary  | Entered an ossuary
 11032 | Ossuary  | Reached *** piety under Wu Jian
 12042 | D:7      | Reached **** piety under Wu Jian
 13383 | D:9      | Identified the +7 short sword "Faph" {venom, rN+ Dex+4
                  | Stlth-}
 13684 | D:9      | Found a burning altar of Makhleb.
 13684 | D:9      | Noticed a balrug
 13897 | D:9      | Found a glowing silver altar of Zin.
 14187 | D:8      | Found a sparkling altar of Nemelex Xobeh.
 14196 | D:8      | Found a basalt altar of Yredelemnul.
 14232 | D:8      | Got the Information on the Elliptic Sun
 14320 | D:10     | Entered Level 10 of the Dungeon
 14477 | D:10     | Killed an unseen horror
 14478 | D:10     | Reached XP level 11. HP: 53/81 MP: 14/14
 14633 | D:10     | Found Qigoastru's Magic Scroll Emporium.
 14650 | D:10     | Bought a scroll of blinking for 90 gold pieces
 14650 | D:10     | Bought a scroll of teleportation for 36 gold pieces
 14650 | D:10     | Bought a scroll of teleportation for 36 gold pieces
 14650 | D:10     | Bought a scroll of magic mapping for 90 gold pieces
 14755 | D:10     | Noticed a two-headed ogre
 14757 | D:10     | Killed a two-headed ogre
 14807 | D:10     | Reached skill level 10 in Fighting
 14807 | D:10     | Reached skill level 10 in Short Blades
 15145 | D:10     | Found a staircase to the Lair.
 16376 | D:10     | Noticed an eight-headed hydra
 16431 | D:11     | Found a frozen archway.
 16448 | IceCv    | Entered an ice cave
 16770 | Lair:1   | Entered Level 1 of the Lair of Beasts
 16810 | Lair:1   | Noticed Erica
 17086 | Lair:1   | Killed Erica
 17319 | Lair:1   | Noticed Sonja
 17323 | Lair:1   | Killed Sonja
 17324 | Lair:1   | Reached skill level 1 in Summonings
 17393 | Lair:1   | Reached skill level 15 in Stealth
 18196 | Lair:2   | Reached XP level 12. HP: 75/90 MP: 16/16
 18793 | Lair:2   | Found a hole to the Spider Nest.
 19707 | Lair:3   | Noticed a six-headed hydra
 19708 | Lair:3   | Killed a six-headed hydra
 19790 | Lair:3   | Noticed an eight-headed hydra
 19817 | Lair:3   | Reached skill level 5 in Spellcasting
 19957 | Lair:3   | Reached skill level 5 in Summonings
 20038 | Lair:3   | Found a staircase to the Swamp.
 21216 | Lair:4   | Noticed a skyshark
 21520 | Lair:4   | Killed a skyshark
 21521 | Lair:4   | Reached XP level 13. HP: 95/95 MP: 20/20
 21667 | Lair:4   | Learned a level 2 spell: Wereblood
 22229 | Lair:4   | Reached skill level 1 in Transmutations
 22365 | Lair:4   | Reached skill level 2 in Transmutations
 22537 | Lair:5   | Entered Level 5 of the Lair of Beasts
 22934 | Lair:5   | Reached skill level 3 in Transmutations
 22978 | Lair:5   | Reached ***** piety under Wu Jian
 23322 | Lair:5   | Reached skill level 4 in Transmutations
 23631 | Lair:5   | Found a viscous altar of Jiyva.
 23631 | Lair:5   | Found a staircase to the Slime Pits.
 23722 | Lair:4   | HP: 4/95 [black mamba (8)]
 25289 | Lair:5   | Learned a level 5 spell: Summon Forest
 25413 | Lair:5   | Reached skill level 5 in Transmutations
 26882 | Lair:5   | Learned a level 6 spell: Summon Cactus Giant
 27056 | Lair:5   | Reached XP level 14. HP: 89/101 MP: 21/21
 27477 | D:10     | Reached skill level 10 in Summonings
 27491 | D:10     | Identified the +1 cloak "Gewyeqank" {Int+2}
 28384 | D:11     | Found a sparkling altar of Nemelex Xobeh.
 28679 | D:12     | Noticed Maurice
 28695 | D:12     | Killed Maurice
 30014 | D:12     | Found a staircase to the Orcish Mines.
 30083 | D:12     | Found a stormy altar of Qazlal.
 30781 | D:13     | Found Ynovau's Weapon Boutique.
 31276 | D:13     | Found a gate to the Vaults.
 33077 | D:13     | Reached XP level 15. HP: 40/106 MP: 20/26
 33965 | Orc:1    | Entered Level 1 of the Orcish Mines
 34741 | Orc:2    | Entered Level 2 of the Orcish Mines
 34852 | Orc:2    | Found a staircase to the Elven Halls.
 35025 | Orc:2    | Found a runed translucent door.
 35032 | Orc:2    | Noticed Palms's ghost (journeyman SpVM)
 35040 | Orc:2    | Noticed Jorgrun
 35044 | Orc:2    | Reached skill level 5 in Dodging
 35046 | Orc:2    | Killed Jorgrun
 35392 | Orc:2    | Paralysed by an orc sorcerer for 5 turns
 36089 | Orc:2    | Paralysed by an orc sorcerer for 3 turns
 36302 | Orc:2    | Found Xith's Antique Armour Emporium.
 36302 | Orc:2    | Found Opachusk's General Store.
 36304 | Orc:2    | Found Xiopud's Magic Scroll Boutique.
 36304 | Orc:2    | Found Dozuli's Book Boutique.
 36630 | Orc:2    | Found a shimmering blue altar of Sif Muna.
 36826 | Orc:2    | Bought a book of the Earth for 504 gold pieces
 36833 | Orc:2    | Learned a level 6 spell: Statue Form
 36833 | Orc:2    | Bought a book of Beasts for 532 gold pieces
 36841 | Orc:2    | Learned a level 5 spell: Summon Mana Viper
 36851 | Orc:2    | Bought a scroll of blinking for 105 gold pieces
 36851 | Orc:2    | Bought a scroll of poison for 56 gold pieces
 36896 | Orc:2    | Learned a level 4 spell: Summon Lightning Spire
 38323 | D:14     | Reached skill level 1 in Earth Magic
 38796 | D:15     | Entered Level 15 of the Dungeon
 39097 | D:15     | Reached skill level 6 in Transmutations
 39953 | D:15     | Found a staircase to the Depths.
 40450 | Swamp:1  | Entered Level 1 of the Swamp
 40469 | Swamp:1  | Reached skill level 7 in Transmutations
 40469 | Swamp:1  | Reached XP level 16. HP: 112/112 MP: 27/28
 40788 | Swamp:1  | Reached skill level 5 in Earth Magic
 40877 | Swamp:1  | Noticed a thorn hunter
 40882 | Swamp:1  | Killed a thorn hunter
 41016 | Swamp:1  | Noticed Frances
 41025 | Swamp:1  | Noticed Mlioglotl
 41043 | Swamp:1  | Killed Mlioglotl
 41045 | Swamp:1  | Killed Frances
 41050 | Swamp:1  | Reached skill level 8 in Transmutations
 42663 | Swamp:2  | Reached skill level 9 in Transmutations
 43515 | Swamp:3  | Reached skill level 1 in Hexes
 43649 | Swamp:3  | Noticed Bai Suzhen
 43650 | Swamp:3  | Noticed a fenstrider witch
 43664 | Swamp:3  | Killed a fenstrider witch
 44305 | Swamp:3  | Killed Bai Suzhen
 45181 | Swamp:4  | Entered Level 4 of the Swamp
 45203 | Swamp:4  | Reached skill level 10 in Transmutations
 45281 | Swamp:4  | Reached skill level 1 in Shields
 45289 | Swamp:4  | Reached ****** piety under Wu Jian
 45635 | Swamp:4  | Noticed Donald
 45694 | Swamp:4  | Killed Donald
 45695 | Swamp:4  | Reached XP level 17. HP: 117/117 MP: 29/29
 47565 | Swamp:4  | Noticed the 27-headed Lernaean hydra
 47574 | Swamp:4  | Killed the 27-headed Lernaean hydra
 47757 | Swamp:4  | Got a decaying rune of Zot
 48274 | Spider:1 | Entered Level 1 of the Spider Nest
 48602 | Spider:1 | Reached skill level 11 in Transmutations
 48825 | Spider:1 | Found a runed translucent door.
 48829 | Spider:1 | Noticed cforsyth's ghost (adept OgFE)
 49018 | Spider:1 | Reached skill level 10 in Earth Magic
 49162 | Spider:1 | Reached skill level 10 in Spellcasting
 50018 | Spider:2 | Found a corrupted altar of Lugonu.
 50340 | Spider:2 | Noticed Roxanne
 50429 | Spider:2 | Found a one-way gate to the infinite horrors of the Abyss.
 50532 | Spider:2 | Noticed Aizul
 50562 | Spider:2 | Killed Aizul
 50633 | Spider:2 | Reached skill level 12 in Transmutations
 51040 | Spider:3 | Noticed Arachne
 51057 | Spider:3 | Killed Arachne
 51203 | Spider:3 | Reached XP level 18. HP: 124/124 MP: 25/32
 51259 | Spider:3 | Noticed Louise
 51293 | Spider:3 | Killed Louise
 51574 | Spider:3 | Noticed Azrael
 51583 | Spider:3 | Killed Azrael
 51815 | Spider:4 | Entered Level 4 of the Spider Nest
 52858 | Spider:4 | Reached skill level 13 in Transmutations
 53976 | Spider:4 | Got a gossamer rune of Zot
 54318 | Elf:1    | Entered Level 1 of the Elven Halls
 54974 | Elf:1    | Identified the +3 scale mail of the Dice {rN+ Will+ Int+3}
 55562 | Elf:1    | Identified a scroll of acquirement
 55568 | Elf:1    | Reached XP level 19. HP: 133/133 MP: 32/33
 55583 | Elf:1    | Reached skill level 10 in Dodging
 55613 | Elf:1    | Acquired the ring "Vefisa" {rF+ AC+4}
 56033 | Elf:2    | Found Sucragig's Weapon Shop.
 56138 | Elf:2    | Found a huge runed translucent gate.
 56138 | Elf:2    | Found a huge runed translucent gate.
 56287 | Elf:2    | Found Mifegg's Book Shop.
 56298 | Elf:2    | Bought Great Wizards, Vol. VII for 540 gold pieces
 56303 | Elf:2    | Found Ykhlyli's Book Emporium.
 56317 | Elf:2    | Learned a level 5 spell: Yara's Violent Unravelling
 56410 | Elf:2    | Found a huge runed translucent gate.
 56411 | Elf:2    | Found a huge runed translucent gate.
 56412 | Elf:2    | Found a huge runed translucent gate.
 56482 | Elf:2    | Found Cetosa's Weapon Shop.
 56607 | Elf:3    | Entered Level 3 of the Elven Halls
 56737 | Elf:3    | Found Xycued's Assorted Antiques.
 56738 | Elf:3    | Found Rigiamer's Book Emporium.
 56738 | Elf:3    | Found Naloutuo's Weapon Shoppe.
 56748 | Elf:3    | Found Daasuask's Antique Weapon Emporium.
 56776 | Elf:3    | Bought a scroll of blinking for 225 gold pieces
 56832 | Elf:3    | Got the Tome of the Shot
 57060 | Elf:3    | Found Naciamez's Magic Scroll Emporium.
 57476 | Abyss:2  | Cast into level 2 of the Abyss (a deep elf sorcerer)
 57658 | Abyss:3  | Found a shadowy altar of Dithmenos.
 57746 | Elf:3    | Escaped the Abyss
 57781 | Elf:3    | Noticed a Hell Sentinel
 57789 | Elf:3    | Noticed a Hell Sentinel
 57789 | Elf:3    | Noticed a Hell Sentinel
 57958 | Elf:3    | Identified the ring of Jepacw {rC- Will+ Str+2 Dex+2
                  | Stlth+}
 58113 | Elf:3    | Noticed an Ice Fiend
 58166 | Elf:3    | Identified the +5 scimitar of the Original Sin {elec,
                  | rCorr}
 58166 | Elf:3    | Identified the +0 scale mail of Honour {+Inv Dex+2}
 58171 | Elf:3    | Identified the +5 glaive "Dragon's Tongue" {vamp, Int+4}
 58171 | Elf:3    | Identified the amulet "Gickog" {Spirit rElec Dex+3}
 58464 | Elf:3    | Reached skill level 15 in Fighting
 58465 | Elf:3    | Gained mutation: You are clumsy. (Dex -2) [a neqoxec]
 58633 | Elf:3    | Found the +8 autumn katana {manifold assault}
 58659 | Elf:3    | Identified the +6 arbalest "Dukk" {speed, rF+ Int+2 Stlth+}
 58662 | Elf:3    | Identified the +1 shortbow "Pueck" {flame, Drain rPois
                  | Str+3 SInv}
 58724 | Elf:3    | Found the +27 heavy crossbow "Sniper" {heavy, Acc+∞ SInv}
 58743 | Elf:3    | Got the Vellum of the Repulsive Switch
 58752 | Elf:3    | Got the Directory of the Scorched Figure
 59134 | Elf:2    | Found Ciocitefi's Jewellery Boutique.
 59153 | Elf:2    | Reached XP level 20. HP: 145/145 MP: 34/34
 59162 | Elf:2    | Reached skill level 1 in Long Blades
 59168 | Elf:2    | Bought a ring of willpower for 450 gold pieces
 59417 | Vaults:1 | Entered Level 1 of the Vaults
 60026 | Vaults:1 | Noticed Zenata
 60145 | Vaults:1 | Reached skill level 5 in Long Blades
 60371 | Vaults:1 | Identified the ring "Himpuuxt" {Contam rF+ rC++ EV+5 Int+3}
 60410 | Vaults:1 | Identified the ring of Mouriwn {Fly Int+3}
 60655 | Vaults:1 | Killed Zenata
 61667 | Vaults:2 | Found a staircase to the Crypt.
 62085 | Vaults:2 | Reached skill level 10 in Long Blades
 62199 | Vaults:2 | Reached XP level 21. HP: 151/151 MP: 29/35
 62343 | Vaults:2 | Reached skill level 15 in Dodging
 62383 | Vaults:2 | Identified the +0 plate armour "Murgh" {rC+ rCorr Int+2
                  | Stlth-}
 63015 | Elf:2    | Bought the +11 Singing Sword {sonic wave} for 1900 gold
                  | pieces
 63015 | Elf:2    | Found the +11 Singing Sword {sonic wave}
 64838 | Vaults:3 | Found a runed translucent gate.
 64838 | Vaults:3 | Found a runed translucent gate.
 64840 | Vaults:3 | Found a runed translucent gate.
 64840 | Vaults:3 | Noticed Yptir's ghost (adept AtFE)
 64841 | Vaults:3 | Noticed Leriaza's ghost (veteran DsVM)
 65087 | Vaults:4 | Found a crumbling gateway.
 65090 | Vaults:4 | Found a glowing golden altar of the Shining One.
 65090 | Vaults:4 | Found a glowing silver altar of Zin.
 65098 | Vaults:4 | Found a white marble altar of Elyvilon.
 65162 | Desolati | Entered the Desolation of Salt
 65196 | Desolati | Identified the +1 leather armour of Philately {Contam rElec
                  | rF+++ Int-3}
 65199 | Desolati | Reached XP level 22. HP: 157/157 MP: 36/36
 65291 | Desolati | Identified the amulet "Zomirghio" {RegenMP Str+2}
 65294 | Desolati | Identified the ring "Oloxeiq" {rF+ MP+9 Slay+5 SInv}
 65427 | Desolati | Found the +18 shield of the Gong {Loud rN+ Will+ rCorr
                  | EV-5}
 65520 | Desolati | Reached skill level 5 in Shields
 65640 | Desolati | Identified the +0 scimitar "Arcanum" {venom, Fly rPois rF++
                  | Int-4}
 65650 | Desolati | Identified the +9 falchion "Killer Klown's Foe" {heavy,
                  | Int+7}
 66375 | Vaults:4 | Found Kouvuolu's Antique Weapon Emporium.
 66871 | Crypt:1  | Entered Level 1 of the Crypt
 66958 | Crypt:1  | Noticed Margery
 66963 | Crypt:1  | Killed Margery
 67015 | Crypt:1  | Noticed Saint Roka
 67023 | Crypt:1  | Killed Saint Roka
 67425 | Crypt:2  | Found a magical portal.
 67465 | WizLab   | Entered Tukima's Studio
 67493 | WizLab   | Reached skill level 10 in Shields
 67531 | Crypt:2  | Reached XP level 23. HP: 127/162 MP: 37/37
 67715 | Crypt:2  | Noticed Boris
 67723 | Crypt:2  | Killed Boris
 68019 | Crypt:2  | Identified the +6 war axe "Xigoz" {freeze, rF+}
 68217 | Crypt:3  | Entered Level 3 of the Crypt
 68441 | Crypt:3  | Noticed Sojobo
 68458 | Crypt:3  | Paralysed by an air elemental for 1 turns
 68462 | Crypt:3  | Killed Sojobo
 68554 | Crypt:3  | Noticed Vv
 68843 | Crypt:3  | Identified the ring of Houhy {rElec rF+++ rC- rN+ Dex-5}
 68860 | Crypt:3  | Killed Vv
 69072 | Crypt:3  | Found a staircase to the Tomb.
 69513 | Crypt:3  | Noticed a curse toe
 69526 | Crypt:3  | Killed a curse toe
 69604 | Crypt:3  | Identified the +6 dagger of the Middle {spect, Dex+2}
 69663 | Crypt:3  | Identified the ring "Lymecic" {rF+ rC+ rN+ Dex+2}
 69673 | Crypt:3  | Identified the amulet of Ganaraza {Faith Int+6}
 69693 | Crypt:3  | Learned a level 5 spell: Lee's Rapid Deconstruction
 69933 | Depths:1 | Entered Level 1 of the Depths
 69933 | Depths:1 | Found a one-way gateway to a ziggurat.
 69942 | Depths:1 | Found Ejaibbia's Demolitions Depot.
 70000 | Depths:1 | Found a gateway to Hell.
 70008 | Depths:1 | Noticed Boris
 70014 | Depths:1 | Killed Boris
 70183 | Depths:1 | Found Toucah's Armour Shop.
 70321 | Depths:1 | Identified the ring of Foapsegi {Wiz rN+ Int+3}
 70361 | Depths:1 | Acquired 1284 gold pieces
 70395 | Depths:1 | Identified the ring "Mionarug" {rF+ rC++ MP+9}
 70465 | Depths:1 | Noticed an ancient lich
 70477 | Depths:1 | Killed an ancient lich
 70481 | Depths:1 | Reached XP level 24. HP: 173/173 MP: 37/37
 70565 | Depths:1 | Found a radiant altar of Vehumet.
 71352 | Depths:2 | Found a one-way gate leading to the halls of Pandemonium.
 71427 | Depths:2 | Found an iron altar of Okawaru.
 71545 | Depths:2 | Got the Parchment of the Ghastly Curse
 71965 | Depths:3 | Found a corrupted altar of Lugonu.
 72118 | Depths:3 | Noticed Frederick
 72128 | Depths:3 | Killed Frederick
 72315 | Depths:3 | Found a large runed translucent door.
 72316 | Depths:3 | Found a large runed translucent door.
 72972 | Depths:4 | Entered Level 4 of the Depths
 72981 | Depths:4 | Noticed a juggernaut
 72996 | Depths:4 | Found a portal to a secret trove of treasure.
 72998 | Depths:4 | Killed a juggernaut
 73019 | Depths:4 | Reached skill level 14 in Transmutations
 73028 | Depths:4 | Noticed Jory
 73032 | Depths:4 | Killed Jory
 73033 | Depths:4 | Reached XP level 25. HP: 186/186 MP: 37/37
 73039 | Depths:4 | Noticed a juggernaut
 73045 | Depths:4 | Killed a juggernaut
 73455 | Depths:4 | Found a gate to the Realm of Zot.
 73943 | Vaults:5 | Entered Level 5 of the Vaults
 73946 | Vaults:5 | Reached skill level 15 in Transmutations
 73962 | Vaults:5 | Noticed an ancient lich
 73965 | Vaults:5 | Noticed a dread lich
 73967 | Vaults:5 | Killed an ancient lich
 73968 | Vaults:5 | Reached skill level 16 in Transmutations
 73970 | Vaults:5 | Killed a dread lich
 73983 | Vaults:5 | Noticed a dread lich
 73986 | Vaults:5 | Killed a dread lich
 73987 | Vaults:5 | Reached skill level 17 in Transmutations
 73992 | Vaults:5 | Noticed an ancient lich
 74001 | Vaults:5 | Killed an ancient lich
 74013 | Vaults:5 | Reached skill level 18 in Transmutations
 74028 | Vaults:5 | Noticed an ancient lich
 74042 | Vaults:5 | Killed an ancient lich
 74056 | Vaults:5 | Reached skill level 19 in Transmutations
 74056 | Vaults:5 | Identified the +1 robe of the Pleiades {rN+}
 74081 | Vaults:5 | Reached XP level 26. HP: 193/193 MP: 37/37
 74587 | Vaults:5 | Identified the +3 plate armour "Jiuloja Ymav" {Rampage
                  | rPois Int-4 SInv}
 74725 | Vaults:5 | Got the Anthology of Summoning and Nonlocality
 74836 | Vaults:5 | Got a silver rune of Zot
 75248 | Zot:1    | Entered Level 1 of the Realm of Zot
 75355 | Zot:1    | Reached skill level 20 in Transmutations
 75416 | Zot:1    | Identified the ring of Vuwaofeb {rN+ Dex+3}
 76090 | Zot:1    | Identified the +9 glaive of the Queen {freeze, rPois rC+
                  | Int+4 Dex+3}
 76474 | Zot:2    | Identified the ring of Vurugir {Ice rCorr Int+3}
 76474 | Zot:2    | Noticed Josephina
 76677 | Zot:2    | Killed Josephina
 76775 | Zot:2    | Reached skill level 21 in Transmutations
 76854 | Zot:2    | Noticed an orb of fire
 76864 | Zot:2    | Noticed a Killer Klown
 77136 | Zot:2    | Noticed an orb of fire
 77211 | Zot:2    | Gained mutation: You possess an exceptional clarity of
                  | mind. [an orb of fire]
 77213 | Zot:2    | Gained mutation: You are dopey. (Int -2) [an orb of fire]
 77217 | Zot:2    | Killed an orb of fire
 77231 | Zot:2    | Gained mutation: Your spells are a little easier to cast,
                  | but a little less powerful. [an orb of fire]
 77560 | Zot:2    | Reached skill level 22 in Transmutations
 77669 | Zot:2    | Learned a level 2 spell: Passwall
 77695 | Zot:2    | Killed a Killer Klown
 77721 | Zot:2    | Gained mutation: You are vulnerable to heat. (rF-) [an orb
                  | of fire]
 77724 | Zot:2    | Gained mutation: Your magical capacity is low. (-10% MP)
                  | [an orb of fire]
 77738 | Zot:2    | Gained mutation: You are very dopey. (Int -4) [an orb of
                  | fire]
 77741 | Zot:2    | Gained mutation: You occasionally lose the ability to drink
                  | potions when taking damage. [an orb of fire]
 77742 | Zot:2    | Killed an orb of fire
 78493 | Zot:3    | HP: 5/193 [green draconian monk[a white draconian
                  | stormcaller] (27)]
 78493 | Zot:3    | HP: 2/193 [green draconian monk[a white draconian
                  | stormcaller] (3)]
 78493 | Zot:3    | Demolished by a quicksilver dragon

Illustrated notes

Levels and vault maps discovered:
D:1:      dpeg_arrival_signposts, layout_basic,
          shapermc_ecumenical_altar_starsandcircs
D:2:      layout_basic, uniq_robin, uniq_crazy_yiuf_cottage
D:3:      layout_basic, uniq_sigmund
D:4:      layout_basic, lemuel_tele_altar, minmay_temple_entry_overgrown,
          amcnicky_mini_rare_corridor_liquid, minmay_misc_feat_hallway
D:5:      layout_loops_ring, grunt_temple_overflow_forces_of_nature,
          serial_shops, nicolae_stop_n_shop_1, solitary_fountain,
          kennysheep_nub, minmay_increasing_density, uniq_ijyb
D:6:      layout_basic, old_standard_altar
D:7:      layout_basic, nicolae_ossuary_entry_false_entrances
D:8:      layout_gridville, mainiacjoe_overflow_boulevard, lemuel_crystal_altar,
          mainiacjoe_overflow_swirl, enter_bailey_8
D:9:      layout_cave_pools, zin_scriptorium, makhleb_altar_promises_db
D:10:     minmay_chambers_of_sixes, layout_basic,
          grunt_lair_entry_orc_guard_hut, serial_shops, nicolae_shop_statue_plus
D:11:     layout_big_octagon, portal_ice_cave_entry_pillars_2,
          serial_bayou_pond_a, amcnicky_mini_pool_small, nemelex_altar_shiori
D:12:     layout_small_grid, david_orc_2, nicolae_qazlal_scattered_showers,
          uniq_maurice
D:13:     minmay_the_grid_triangle_9x9_rhombus_thin
          [minmay_the_grid_triangle_9x9_skeleton,
          minmay_the_grid_triangle_9x9_prize_schism,
          minmay_the_grid_triangle_9x9_sprig,
          minmay_the_grid_triangle_9x9_pentomino_pain], layout_gridville,
          hangedman_vaults_entry_quadrant_bands, serial_shops, shop
D:14:     layout_cave_pods, serial_demonic, serial_demonic_a, serial_demonic_b,
          serial_demonic_c, serial_demonic_c
D:15:     grunt_enter_depths_magical_seal, layout_basic, minmay_misc_feat_roman
Temple:   nicolae_temple_ecumenical_triangle
Lair:1:   layout_chaotic_city, lemuel_fruit_fields, lemuel_fruit_tree,
          uniq_sonja, uniq_erica
Lair:2:   layout_roguey, spider_nest_entry_a, minmay_stone_trees_small,
          serial_bayou_shore_a
Lair:3:   layout_roguey, minmay_swamp_entry_worms
Lair:4:   layout_cave_pods
Lair:5:   gammafunk_lair_ancient_temple, layout_regular_city,
          nicolae_slime_entry_field_trip, nicolae_quartered_pool_medium,
          fungi_pond_lemuel
Swamp:1:  layout_falls_marsh, evilmike_swamp_ruin_house_3, uniq_frances,
          uniq_mlioglotl
Swamp:2:  layout_falls_marsh, evilmike_swamp_ruin_house_1
Swamp:3:  layout_basic_swamp, evilmike_swamp_ruin_house_4,
          nicolae_swamp_bean_lake, uniq_bai_suzhen
Swamp:4:  swamp_old_school, layout_basic_swamp, uniq_donald
Spider:1: nicolae_spider_jumping_over_cracks
          [nicolae_spider_jumping_sub_no_exit, nicolae_spider_jumping_sub_moat,
          nicolae_spider_jumping_sub_rim, nicolae_spider_jumping_sub_plain],
          gammafunk_ghost_grave, nicolae_spider_wall_of_niches
Spider:2: layout_spider_delve, amcnicky_altar_lugonu_corruption, uniq_roxanne,
          uniq_aizul
Spider:3: layout_spider_delve, nicolae_spider_eight_legs, uniq_louise,
          uniq_arachne, uniq_azrael
Spider:4: grunt_spider_rune_circles, nicolae_spider_scorpion_nest
Orc:1:    layout_caves, basic_altar, nicolae_orc_damp_corner
Orc:2:    st_orc_elflike, layout_caves, hellmonk_ghost_happy_afterlife,
          kennysheep_orc_sif_temple, uniq_jorgrun
Elf:1:    eino_elf_arrival_sip, layout_loops_ring, hangedman_elf_represent,
          einodemon_barbed_minivault
Elf:2:    elven_hall_of_blades_hangedman_alternative
          [nicolae_vaults_blade_armed_guards], layout_rooms, serial_shops,
          nicolae_shop_hallway_stairs, shop, shop, shop,
          nicolae_shop_bloodbath_and_beyond
Elf:3:    minmay_elf_hall_dome, layout_loops_corners, serial_shops,
          nicolae_shop_window_shopping, minmay_shoptagon
Vaults:1: nicolae_vaults_ring_of_whatevers, v_misc_29, hangedman_vaults_hat,
          v_misc_18, hangedman_vaults_stitches, vaults_dpeg_diagonal,
          ontoclasm_vaults_tryst, v_misc_8, v_alt_pattern_3,
          vaults_room_door_hall, vaults_mumra_hexcomb,
          vaults_room_hangedman_quadrants, vaults_dpeg_emergency_exit,
          layout_vaults_omnibox, uniq_zenata
Vaults:2: nicolae_vaults_hallways_thing, st_cross, grunt_vaults_hallway_long,
          nicolae_vaults_asterisk, minmay_crypt_entry_simple_plaza,
          vaults_dpeg_spiral, vaults_mumra_minichess, v_misc_24,
          nicolae_vaults_little_squares_3, vaults_room_stairs_pillars,
          v_misc_32, vaults_room_semicircle, grunt_vaults_hallway_short,
          layout_vaults_omnigrid
Vaults:3: gammafunk_ghost_cemetery, v_misc_25, nicolae_vaults_what_the_h,
          dpeg_vaults_hating_casters, nicolae_vaults_little_squares_6,
          vaults_mumra_hex, v_misc_9, nicolae_vaults_network_periphery,
          v_misc_31, grunt_vaults_hallway_short, nicolae_vaults_alarming,
          nicolae_vaults_little_squares_1, nicolae_vaults_little_squares_4,
          layout_vaults_ring
Vaults:4: portal_desolation_entry_holy_temple, nicolae_vaults_back_hallway,
          ontoclasm_vaults_decontamination, hangedman_vaults_slither, v_misc_12,
          hangedman_vaults_restitches, nicolae_vaults_asterisk,
          nicolae_vaults_meeting, layout_vaults_big_room, serial_shops, shop
Vaults:5
Crypt:1:  layout_rooms, grunt_crypt_arrival_split, uniq_margery, uniq_saint_roka
Crypt:2:  layout_misc_corridors, infiniplex_enter_wizlab_water, st_stairs_4,
          weyrava_lich_vault
Crypt:3:  david_glass_crypt, layout_gridlike,
          nicolae_tomb_entry_unfolded_pyramid_orthogonal, minivault_5,
          minmay_misc_feat_alley, uniq_vv, uniq_sojobo
Depths:1: evilmike_halls_of_destruction, layout_cave_pools, enter_ziggurat_c,
          hell_entry, grunt_decor_cap, nicolae_blasting_shop,
          kennysheep_small_circle, serial_bayou_shore_b
Depths:2: hangedman_hanging_gardens, layout_cave_shapes, serial_bayou_pond_a,
          hell_entry, rand_demon_pan_entry_3,
          hellmonk_okawaru_the_only_friend_you_need, infiniplex_staircase_star
Depths:3: lightli_eight_chambers, layout_basic, abyss_entry_flame_altar,
          pf_hell_entry_tar_spiral, hangedman_abyss_or_decor_jellyfish_corner,
          uniq_frederick
Depths:4: evilmike_zot_entry_basic, layout_basic, enter_trove_0,
          nicolae_lava_and_water, hangedman_coc_ice_floe, lemuel_flamethrower_3,
          uniq_jory
Zot:1:    kennysheep_oblong_rooms, layout_onion_interference,
          lemuel_flame_loot_1
Zot:2:    nicolae_moth_party, layout_misc_corridors, uniq_josephina
Zot:3:    layout_cathedral_of_symmetry, st_large_dragon_hoard_1

Skill      XL: |  1  2  3  4  5  6  7  8  9 10 11 12 13 14 15 16 17 18 19 20 21 22 23 24 25 26 |
---------------+-------------------------------------------------------------------------------+-----
Stealth        | 1 2 3 4 6 8 10 12 15 17 19 20 | 20.0
Dodging        | 3 4 7 9 12 14 17 18 19 | 19.2
Short Blades   | 3 4 5 6 8 9 10 | 10.3
Fighting       | 3 4 5 6 8 9 11 12 15 16 19 | 19.2
Summonings     | 2 6 9 13 14 | 14.0
Spellcasting   | 3 5 7 8 10 | 10.0
Transmutations | 5 7 10 12 13 14 19 22 | 22.1
Earth Magic    | 4 8 11 13 | 13.0
Hexes          | 2 |  2.0
Shields        | 2 4 10 14 | 14.0
Long Blades    | 10 12 14 | 14.7
Throwing       | |  1.0
Translocations | |  3.0

Action                     |  1- 3 |  4- 6 |  7- 9 | 10-12 | 13-15 | 16-18 | 19-21 | 22-24 | 25-27 || total
---------------------------+-------+-------+-------+-------+-------+-------+-------+-------+-------++-------
  Melee: Short sword       |    72 |   169 |    13 |   341 |   763 |   586 |   309 |       |       ||  2253
         Tentacles         |    18 |    46 |   139 |   176 |   267 |   248 |   339 |   307 |   196 ||  1736
         Constrict         |    17 |    45 |    67 |   109 |    77 |   105 |   187 |   183 |   104 ||   894
         Punch             |     1 |     3 |    11 |    10 |    15 |    18 |    23 |    13 |     6 ||   100
         Dagger            |       |       |   428 |   246 |    50 |   164 |    16 |     8 |    12 ||   924
         Katana            |       |       |       |       |       |       |   528 |     6 |    33 ||   567
         Double sword      |       |       |       |       |       |       |   261 |  1090 |   601 ||  1952
  Throw: Boomerang         |       |     7 |       |     2 |     2 |       |       |       |       ||    11
         Stone             |       |     6 |     7 |       |       |       |       |       |       ||    13
         Throwing net      |       |       |     3 |     5 |    16 |     3 |       |     1 |       ||    28
         Dart              |       |       |       |    26 |    46 |       |       |       |       ||    72
         Javelin           |       |       |       |     2 |     1 |       |       |       |       ||     3
   Cast: Wereblood         |       |       |       |       |    11 |     7 |    31 |    28 |    14 ||    91
         Summon Cactus Gia |       |       |       |       |    92 |   136 |    47 |    12 |       ||   287
         Summon Mana Viper |       |       |       |       |    28 |   112 |    22 |    14 |    10 ||   186
         Summon Forest     |       |       |       |       |    28 |    50 |     6 |     1 |       ||    85
         Summon Lightning  |       |       |       |       |     9 |    70 |    18 |     3 |       ||   100
         Statue Form       |       |       |       |       |       |    69 |    80 |    67 |    38 ||   254
         Blink             |       |       |       |       |       |     1 |       |       |       ||     1
 Invoke: Serpent's Lash    |       |       |       |    13 |    16 |    16 |     9 |    17 |    13 ||    84
         Heavenly Storm    |       |       |       |       |       |       |     4 |     3 |     3 ||    10
Ability: Lunge             |       |       |    30 |    93 |    85 |    57 |   104 |   116 |    41 ||   526
         Whirlwind         |       |       |       |    54 |    68 |   101 |   249 |   490 |   368 ||  1330
         Wall Jump         |       |       |       |       |       |     1 |       |     1 |       ||     2
         End Transformatio |       |       |       |       |       |       |     5 |     4 |     3 ||    12
  Evoke: Wand              |       |       |    12 |    12 |    23 |    21 |     7 |       |       ||    75
         Phial of floods   |       |       |       |     1 |       |     1 |       |       |       ||     2
         Lightning rod     |       |       |       |       |       |       |     3 |       |       ||     3
         Condenser vane    |       |       |       |       |       |       |     1 |     1 |       ||     2
         Phantom mirror    |       |       |       |       |       |       |       |     1 |     1 ||     2
    Use: Scroll            |     7 |     5 |     8 |     7 |    13 |    14 |    13 |    11 |     4 ||    82
         Potion            |       |     3 |     1 |    12 |    11 |     6 |     3 |     3 |     5 ||    44
   Stab: Sleeping          |    10 |    13 |    16 |    51 |    32 |    28 |    17 |     6 |     7 ||   180
         Distracted        |       |     1 |     1 |     5 |     7 |    13 |     9 |     8 |       ||    44
         Paralysed         |       |       |     4 |       |       |       |       |       |       ||     4
         Held in net/web   |       |       |     2 |     2 |     9 |       |       |     2 |       ||    15
         Petrifying        |       |       |       |       |       |       |       |     2 |       ||     2
         Petrified         |       |       |       |       |       |       |       |     2 |       ||     2
 Armour: Skin              |     2 |     9 |    53 |    27 |    40 |   542 |   382 |   275 |   181 ||  1511
  Dodge: Dodged            |    25 |    82 |   217 |   155 |   313 |   655 |   827 |   513 |   435 ||  3222
  Block: Buckler           |       |       |       |       |       |   200 |   164 |     4 |       ||   368
         Kite shield       |       |       |       |       |       |       |       |  1183 |   742 ||  1925

Table legend: (Time is in decaauts)
 A = Elapsed time spent in this place.
 B = Non-inter-level travel time spent in this place.
 C = Inter-level travel time spent in this place.
 D = Time resting spent in this place.
 E = Time spent auto-exploring this place.
 F = Levels seen in this place.
 G = Mean time per level.
                   A        B        C        D        E       F      G
               +--------+--------+--------+--------+--------+-----+--------+
         Total |  83722 |  77384 |   6338 |  24723 |  26081 |  56 | 1495.0 |
       Dungeon |  24958 |  22800 |   2158 |   7841 |   7025 |  15 | 1663.9 |
        Temple |     12 |     12 |      0 |      0 |      0 |   1 |   12.0 |
          Lair |  10540 |   9799 |    741 |   4760 |   2199 |   5 | 2108.0 |
         Swamp |   7474 |   7166 |    308 |   3750 |   1477 |   4 | 1868.5 |
   Spider Nest |   6979 |   6882 |     97 |   2350 |   1817 |   4 | 1744.8 |
  Orcish Mines |   3627 |   3161 |    466 |    996 |   1272 |   2 | 1813.5 |
   Elven Halls |   5880 |   4879 |   1001 |   1019 |   1657 |   3 | 1960.0 |
        Vaults |   8765 |   8090 |    675 |    872 |   4461 |   5 | 1753.0 |
         Crypt |   3417 |   3294 |    123 |    482 |   1524 |   3 | 1139.0 |
        Depths |   4902 |   4629 |    273 |    354 |   3060 |   4 | 1225.5 |
           Zot |   3657 |   3165 |    492 |   1004 |   1124 |   3 | 1219.0 |
         Abyss |    337 |    337 |      0 |      0 |     20 |   2 |  168.5 |
       Ossuary |    249 |    249 |      0 |      0 |     46 |   1 |  249.0 |
        Bailey |   2100 |   2100 |      0 |   1289 |     47 |   1 | 2100.0 |
      Ice Cave |      2 |      2 |      0 |      0 |      0 |   1 |    2.0 |
        Wizlab |     65 |     65 |      0 |      3 |      0 |   1 |   65.0 |
    Desolation |    750 |    750 |      0 |      0 |    350 |   1 |  750.0 |
               +--------+--------+--------+--------+--------+-----+--------+

Top non-repeatable levels by time:
  Lair:4: 3789 daAuts
   Elf:3: 2818 daAuts
    D:13: 2803 daAuts
Spider:4: 2712 daAuts
  Lair:5: 2485 daAuts
 Swamp:4: 2408 daAuts
Vaults:1: 2398 daAuts
   Zot:1: 2326 daAuts
   Orc:2: 2281 daAuts
    D:12: 2166 daAuts
  Bailey: 2100 daAuts
    D:11: 2088 daAuts
     D:2: 2088 daAuts
 Swamp:2: 2084 daAuts
    D:10: 2078 daAuts
